 Dungeon Crawl Stone Soup version 0.29.1-15-g9cfb28693d (webtiles) character file.

Game seed: 15276232097092899581

6 Oldhorse the Trooper (level 2, 0/27 HPs)
             Began as a Human Wanderer on Mar 14, 2023.
             Slain by an endoplasm (1 damage)
             ... on level 1 of the Dungeon.
             The game lasted 00:01:23 (64 turns).

Oldhorse the Trooper (Human Wanderer)                 Turns: 64, Time: 00:01:24

Health: 0/27       AC:  2    Str: 11    XL:     2   Next: 0%
Magic:  3/3        EV: 11    Int: 12    God:
Gold:   10         SH:  0    Dex: 13    Spells: 2/3 levels left

rFire   . . .      SeeInvis .   a - +3 falchion
rCold   . . .      Faith    .   (no shield)
rNeg    . . .      Spirit   .   c - +0 robe
rPois   .          Reflect  .   (no helmet)
rElec   .          Harm     .   (no cloak)
rCorr   .          Rampage  .   (no gloves)
Will    .....                   (no boots)
Stlth   ++........              (no amulet)
HPRegen 0.09/turn               (no ring)
MPRegen 0.08/turn               (no ring)

@: no status effects
A: no striking features
a: no special abilities


You were on level 1 of the Dungeon.
You visited 1 branch of the dungeon, and saw 1 of its levels.

You collected 10 gold pieces.

Inventory:

Hand Weapons
 a - a +3 falchion (weapon)
Armour
 c - a +0 robe (worn)
Scrolls
 b - a scroll of vulnerability


   Skills:
 + Level 5.3 Fighting
 + Level 2.0 Long Blades
 + Level 1.0 Stealth
 + Level 1.0 Spellcasting
 + Level 1.0 Earth Magic


You had 2 spell levels left.
You knew the following spells:

 Your Spells              Type           Power      Damage    Failure   Level
a - Sandblast             Erth           6%         2d5       21%         1

Your spell library contained the following spells:

 Spells                   Type           Power      Damage    Failure   Level
 Stone Arrow              Conj/Erth      2%         3d7       58%         3


Dungeon Overview and Level Annotations

Branches:
Dungeon (1/15)

Altars:


Message History

The jackal bites you but does no damage. x2
You hit the jackal.
You kill the jackal!
The jackal bites you.
* * * LOW HITPOINT WARNING * * *
The jackal bites you but does no damage.
You have reached level 2!
The jackal bites you.
* * * LOW HITPOINT WARNING * * *
The jackal barely misses you. The jackal closely misses you.
The endoplasm freezes you.
You are frozen.
* * * LOW HITPOINT WARNING * * *
There is an open door here.
The jackal bites you but does no damage.
The jackal barely misses you.
You see here a ball python corpse.
The jackal closely misses you. x2
The endoplasm barely misses you. The jackal closely misses you.
The jackal bites you but does no damage.
The jackal attacks as you move away! The jackal bites you.
* * * LOW HITPOINT WARNING * * *
The endoplasm attacks as you move away! The endoplasm hits you.
* * * LOW HITPOINT WARNING * * *
There is a large open door here.
The jackal attacks as you move away! The jackal completely misses you.
Unknown command.
Which direction?
There's a creature in the doorway!
The jackal attacks as you move away!
The jackal bites you but does no damage.
The jackal closely misses you.
There is a large open door here.
The jackal bites you but does no damage.
The endoplasm closely misses you.
There is a large open door here.
The endoplasm attacks as you move away! The endoplasm hits you.
You die...

............ ..........#
..........+ #........#
###### #........## #
#....# #.......... .#
###.≈≈.####......#####.#
#<'.≈≈.'h'..............
#.'.§≈.@J'......#.......
###.≈≈.####.†...'.......
#....# ##..###.......
###### .....# #.†.....
###..## #....... .....
#........ ...#.#
#........ ###.#..
.........
#.............$


You could see an endoplasm and a jackal.

Vanquished Creatures
  3 jackals (D:1)
  A quokka (D:1)
  A ball python (D:1)
5 creatures vanquished.

Notes
Turn   | Place    | Note
-------+----------+-------------------------------------------
     0 | D:1      | Oldhorse the Human Wanderer began the quest for the Orb.
     0 | D:1      | Oldhorse set off with the following items: a +3 falchion, a
                  | scroll of vulnerability, a +0 robe; and the following spell
                  | memorised: Sandblast; and the following spells available to
                  | memorise: Stone Arrow.
     0 | D:1      | Reached XP level 1. HP: 21/21 MP: 2/2
    48 | D:1      | Reached XP level 2. HP: 8/27 MP: 3/3
    60 | D:1      | HP: 1/27 [endoplasm (2)]
    64 | D:1      | Slain by an endoplasm

Illustrated notes

Levels and vault maps discovered:
D:1:      lightli_arrival_lavapool, layout_basic,
          dreamdust_ecumenical_altar_grove, minmay_gold_behind_fungi

Action                   || total
-------------------------++-------
Melee: Falchion          ||    12
Armor: Robe              ||    13
Dodge: Dodged            ||    25
